 Dungeon Crawl Stone Soup version 0.31.0-32-g396128a36d (webtiles) character file.

Game seed: 14928457639787322638

735 BigDaddyOpFi the Ducker (level 7, -1/49 HPs)
             Began as an Octopode Fighter on Mar 12, 2024.
             Slain by a kobold brigand
             ... wielding a +0 dagger of holy wrath
              (5 damage)
             ... on level 6 of the Dungeon.
             The game lasted 00:05:31 (4279 turns).

BigDaddyOpFi the Ducker (Octopode Fighter)          Turns: 4279, Time: 00:05:31

Health: -1/49      AC:  1    Str: 14 (15) XL:     7   Next: 74%
Magic:  7/7        EV: 14    Int:  8 (10) God:
Gold:   216        SH:  6    Dex: 13 (14) Spells: 6/6 levels left

rFire   . .          .
                       - Unarmed
rCold   . . .        a - +1 buckler
rNeg    . . .        (helmet restricted)
rPois   .            (no amulet)
rElec   .            (no ring)
rCorr   .            (no ring)
SInv    .            (no ring)
Will    +....        (no ring)
Stlth   ++           (no ring)
HPRegen 0.28/turn    (no ring)
MPRegen 0.10/turn    (no ring)
                     (no ring)

%: clarity
@: no status effects
A: almost no armour, amphibious, 8 rings, camouflage 1, gelatinous body 1,
(nimble swimmer 1), tentacles, clarity, strong-willed 1
a: no special abilities


You were on level 6 of the Dungeon.
You visited 2 branches of the dungeon, and saw 8 of its levels.

You collected 216 gold pieces.

Inventory:

Missiles
 b - 7 boomerangs
Armour
 a - a +1 buckler (worn)
 h - an orb of energy
Magical Staves
 g - a staff of conjuration
Wands
 f - a wand of roots (5) (quivered)
Scrolls
 d - a scroll of torment
 i - a scroll of amnesia
 j - 2 scrolls of enchant weapon
Potions
 c - a potion of brilliance
 l - a potion of degeneration


   Skills:
 + Level 4.9 Fighting
 + Level 2.2 Throwing
 + Level 4.9 Dodging
 + Level 4.9 Shields
 + Level 4.3 Unarmed Combat


You had 6 spell levels left.
You didn't know any spells.
Your spell library contained the following spells:

 Spells                   Type           Power      Damage    Failure   Level
 Summon Ice Beast         Ice/Summ       0%         N/A       86%         3
 Summon Mana Viper        Hex/Summ       0%         N/A       100%        5
 Monstrous Menagerie      Summ           0%         N/A       100%        7


Dungeon Overview and Level Annotations

Branches:
Dungeon (7/15)             Temple (1/1) D:4

Altars:
Cheibriados
Dithmenos
Elyvilon
Fedhas
Gozag
Kikubaaqudgha
Makhleb
Nemelex Xobeh
Okawaru
Qazlal
Ru
Sif Muna
Trog
Uskayaw
Vehumet
Wu Jian
Xom
Yredelemnul
Zin
The Shining One

Shops:
D:4 *

Annotations:
D:3 2 transporters, rozman's ghost, amateur MiFi


Innate Abilities, Weirdness & Mutations

You cannot wear most types of armour.
You are amphibious.
You can wear up to eight rings at the same time.
Your skin changes colour to match your surroundings (Stealth+).
Your rubbery body absorbs attacks. (AC +1, EV +1)
((You are camouflaged when in or above water. (Stealth+)))
You have tentacles for arms and can constrict up to eight enemies at once.
You possess an exceptional clarity of mind.
You are strong-willed. (Will+)


Message History

The grasping roots constrict the kobold brigand.
The roots release their grip on the kobold brigand.
The iguana bites you!
You tentacle-slap the iguana. x2; You squeeze the iguana!
You kill the iguana!
The kobold brigand hits you with a +0 dagger of holy wrath.
You feel your intelligence returning.
You tentacle-slap the water moccasin but do no damage.
You grab the water moccasin. You squeeze the water moccasin.
The water moccasin is lightly wounded.
You constrict the water moccasin. The water moccasin barely misses you.
The kobold brigand hits you with a +0 dagger of holy wrath.
You tentacle-slap the water moccasin but do no damage.
Your squeeze misses the water moccasin.
The water moccasin is lightly wounded.
You constrict the water moccasin. The water moccasin misses you.
The kobold brigand misses you. The water moccasin bites you.
You tentacle-slap the water moccasin. You squeeze the water moccasin.
The water moccasin is heavily wounded.
You constrict the water moccasin. The water moccasin bites you!
* * * LOW HITPOINT WARNING * * *
The kobold brigand misses you.
You tentacle-slap the water moccasin.
The water moccasin is severely wounded.
You constrict the water moccasin.
The water moccasin bites you but does no damage.
The kobold brigand hits you with a +0 dagger of holy wrath.
* * * LOW HITPOINT WARNING * * *
Aiming: Fastroot
Press: ? - help, Q - select action, (/) - cycle Shift-Dir - straight line, f - kobold brigand
Aim: a kobold brigand, wielding a +0 dagger of holy wrath and quivering poisoned darts (moderately wounded)
The roots erupt in riotous growth!
Roots grab the kobold brigand.
The water moccasin is unaffected.
You constrict the water moccasin.
You kill the water moccasin!
The grasping roots constrict the kobold brigand.
You hear a shout!
The kobold brigand hits you with a +0 dagger of holy wrath.
You die...

...... .........
.. ........#..#
.......#.# ...#
........#### ...
....#...... ...
#.....#K###$.. .
..
####....@†......
.. #.
##..!...#####....
..)#.###....[.## .
.................#
...##.###........#
#...#........#
###.##########
####.####
.#.......# #####


You could see a kobold brigand (rooted).

Vanquished Creatures
  A water moccasin (D:6)
  An ice beast (D:6)
  An ogre (D:3)
  A phantom (D:4)
  A scorpion (D:5)
  An orc priest (D:5)
  3 hounds
  2 orc wizards (D:5)
  3 iguanas
  Robin (D:4)
  9 adders
  2 ribbon worms (D:2)
  10 orcs
  2 endoplasms
  5 giant cockroaches
  13 goblins
  4 hobgoblins
  6 quokkas
  6 ball pythons
  4 bats
  3 frilled lizards
  5 kobolds
  7 rats
91 creatures vanquished.

Notes
Turn   | Place    | Note
-------+----------+-------------------------------------------
     0 | D:1      | BigDaddyOpFi the Octopode Fighter began the quest for the
                  | Orb.
     0 | D:1      | Reached XP level 1. HP: 16/16 MP: 1/1
   207 | D:1      | Reached XP level 2. HP: 21/21 MP: 2/2
   826 | D:2      | Reached XP level 3. HP: 12/26 MP: 3/3
  1098 | D:2      | Found a faded altar of an unknown god.
  1108 | D:2      | Reached XP level 4. HP: 31/31 MP: 4/4
  1463 | D:3      | Noticed an ogre
  1470 | D:3      | Killed an ogre
  1471 | D:3      | Reached XP level 5. HP: 32/37 MP: 5/5
  1580 | D:3      | Found a transporter.
  1710 | D:3      | Found a transporter.
  1710 | D:3      | Noticed rozman's ghost (amateur MiFi)
  1823 | D:4      | Found Ypaijyxzug's General Store.
  1838 | D:4      | Reached XP level 6. HP: 42/43 MP: 6/6
  1861 | D:4      | Noticed Robin
  1908 | D:4      | Killed Robin
  2155 | D:4      | Found a staircase to the Ecumenical Temple.
  2289 | D:4      | Reached skill level 1 in Throwing
  2312 | Temple   | Entered the Ecumenical Temple
  2529 | D:5      | Entered Level 5 of the Dungeon
  2641 | D:5      | Gained mutation: You possess an exceptional clarity of
                  | mind. [potion of mutation]
  2641 | D:5      | Gained mutation: You are strong-willed. (Will+) [potion of
                  | mutation]
  2645 | D:5      | Reached XP level 7. HP: 24/49 MP: 7/7
  3164 | D:5      | Found a shimmering blue altar of Sif Muna.
  3168 | D:5      | Found a stormy altar of Qazlal.
  3173 | D:5      | Found an ancient bone altar of Kikubaaqudgha.
  3175 | D:5      | Found an ornate altar of the Wu Jian Council.
  3176 | D:5      | Found a blossoming altar of Fedhas.
  3178 | D:5      | Found a radiant altar of Vehumet.
  3314 | D:5      | Found a glowing golden altar of the Shining One.
  4101 | D:6      | HP: 2/49 [ice beast (11)]
  4279 | D:6      | Slain by a kobold brigand

Illustrated notes

Levels and vault maps discovered:
D:1:      erik_arrival_cave_to_civilisation [erik_arrival_cave_to_hall],
          layout_basic, minmay_domino_2
D:2:      layout_rooms, shapermc_ecumenical_altar_notcrosses
D:3:      layout_rooms, gammafunk_ghost_arena
D:4:      layout_rooms, temple_statues, serial_shops, nicolae_shop_trees,
          hangedman_abyss_or_decor_stagger, uniq_robin
D:5:      layout_basic, minitemple, nicolae_tso_carved_into_rock
D:6:      layout_rooms, nicolae_hepliaklqana_hippocampus, serial_glass,
          glass_columns_a, glass_columns_a, portal_sewer_entry_d
D:7:      layout_loops_cross, serial_shops, shop_fountains, shop, nrook_uturn,
          chequers_garden
Temple:   dshaligram_water_room_temple

Skill      XL: |  1  2  3  4  5  6  7 |
---------------+----------------------+-----
Dodging        | 4 |  4.9
Unarmed Combat | 3 4 |  4.3
Fighting       | 4 |  4.9
Shields        | 4 |  4.9
Throwing       | 1 2 |  2.2

Action                     |  1- 3 |  4- 6 |  7- 9 || total
---------------------------+-------+-------+-------++-------
  Melee: Unarmed           |    67 |   116 |    66 ||   249
         Tentacles         |    13 |    26 |    23 ||    62
         Constrict         |    16 |    32 |    10 ||    58
         Punch             |     4 |     4 |     6 ||    14
  Throw: Boomerang         |       |       |     2 ||     2
  Evoke: Wand              |       |       |     3 ||     3
    Use: Scroll            |     4 |     5 |     2 ||    11
         Potion            |       |     9 |     2 ||    11
   Stab: Sleeping          |     3 |     8 |       ||    11
         Invisible         |       |     1 |       ||     1
 Armour: Skin              |    22 |    58 |    39 ||   119
  Dodge: Dodged            |    46 |    77 |    34 ||   157
  Block: Buckler           |     9 |    30 |    16 ||    55
